[Event "CCT Chessable Masters Play-In 2025"]
[Site "Online"]
[Date "2025.02.17"]
[Round "2.32"]
[White "Vaishali, Rameshbabu"]
[Black "Ivic, Velimir"]
[Result "0-1"]
[ECO "A25"]
[WhiteElo "2476"]
[BlackElo "2622"]
[PlyCount "184"]
[EventDate "2025.02.13"]
[EventType "swiss"]
[EventCountry "NET"]
[TimeControl "600"]
[WhiteClock "0:00:51"]
[BlackClock "0:01:54"]

1. c4 e5 2. g3 Nc6 3. Bg2 g6 4. Nc3 Bg7 5. d3 d6 6. Rb1 a5 7. a3 Nge7 8. b4 axb4 9. axb4 Nd4 10. e3 Ne6 11. Nge2 O-O 12. O-O c6 13. d4 exd4 14. exd4 d5 15. cxd5 Nxd5 16. Nxd5 cxd5 17. Be3 Nc7 18. b5 Bf5 19. b6 Ne6 20. Rb5 Re8 21. Rxd5 Qxb6 22. Rd7 Nc7 23. Rxc7 Qxc7 24. Nf4 Be4 25. d5 Bxg2 26. Nxg2 b5 27. Nf4 b4 28. d6 Qc6 29. Qd5 Qxd5 30. Nxd5 Red8 31. Nxb4 Rxd6 32. Bf4 Rd7 33. Nc6 Ra1 34. Rxa1 Bxa1 35. Kg2 f6 36. h4 Kf7 37. Na5 Bd4 38. Nc4 Bc5 39. Nd2 Ke6 40. Ne4 Be7 41. Be3 Rc7 42. Kf3 Rc4 43. Nd2 Rb4 44. Ne4 Rc4 45. Nd2 Rc2 46. Ne4 h5 47. Kg2 Kf5 48. Kf3 Rc4 49. Nd2 Rc2 50. Ne4 Bb4 51. Bf4 Rc4 52. Nd6+ Bxd6 53. Bxd6 Rc3+ 54. Kg2 Ke4 55. Be7 Rc6 56. Bf8 Re6 57. Bc5 Ra6 58. Be3 Ra5 59. Bb6 Rd5 60. Be3 Kd3 61. Ba7 Ke2 62. Be3 Rd3 63. Ba7 Rf3 64. Bd4 Rf5 65. Bb6 Kd3 66. Be3 Rb5 67. Ba7 Re5 68. Bb6 Re6 69. Ba7 Ke4 70. Bc5 Rc6 71. Ba7 Rc3 72. Bb6 f5 73. Bd8 f4 74. gxf4 Kxf4 75. Bg5+ Kg4 76. Bf6 Rf3 77. Bg5 Rf5 78. Bd8 Rd5 79. Bf6 Kf4 80. Be7 Rd3 81. Bg5+ Ke4 82. Be7 Rd5 83. Bg5 Rxg5+ 84. hxg5 Kf4 85. f3 Kxg5 86. Kg3 Kf5 87. Kg2 Kf4 88. Kf2 g5 89. Kg2 h4 90. Kf2 h3 91. Kg1 Kxf3 92. Kh2 g4 0-1

[Event "CCT Chessable Masters Play-In 2025"]
[Site "Online"]
[Date "2025.02.17"]
[Round "2.33"]
[White "Martirosyan, Haik M."]
[Black "Mikaelyan, Arman"]
[Result "1-0"]
[ECO "D43"]
[WhiteElo "2645"]
[BlackElo "2497"]
[PlyCount "83"]
[EventDate "2025.02.13"]
[EventType "swiss"]
[EventCountry "NET"]
[TimeControl "600"]
[WhiteClock "0:04:57"]
[BlackClock "0:00:16"]

1. d4 d5 2. c4 c6 3. Nf3 Nf6 4. Nc3 e6 5. Bg5 h6 6. Bxf6 Qxf6 7. e3 Nd7 8. Be2 g6 9. O-O dxc4 10. Bxc4 Bg7 11. Re1 O-O 12. e4 Qe7 13. e5 Rd8 14. Qe2 b5 15. Bd3 Rb8 16. Rac1 c5 17. d5 c4 18. d6 Qf8 19. Bc2 Bb7 20. Be4 Bxe4 21. Qxe4 Nc5 22. Qe3 Nd3 23. Rcd1 Nxe1 24. Qxe1 b4 25. Ne4 Qe8 26. Qe3 Qc6 27. h4 Qb6 28. Qf4 c3 29. bxc3 bxc3 30. Nxc3 Qb4 31. Ne4 Qb2 32. Rd4 Qa1+ 33. Kh2 Rb5 34. Nf6+ Kh8 35. Ng4 Rb1 36. Nxh6 Rh1+ 37. Kg3 Bxh6 38. Qxh6+ Kg8 39. Qg5 Rd7 40. Rc4 Kh7 41. Qf4 Qd1 42. Ng5+ 1-0

[Event "CCT Chessable Masters Play-In 2025"]
[Site "Online"]
[Date "2025.02.17"]
[Round "2.34"]
[White "Indjic, Aleksandar"]
[Black "Sharapov, Evgeny"]
[Result "0-1"]
[ECO "A45"]
[WhiteElo "2650"]
[BlackElo "2375"]
[PlyCount "62"]
[EventDate "2025.02.13"]
[EventType "swiss"]
[EventCountry "NET"]
[TimeControl "600"]
[WhiteClock "0:05:34"]
[BlackClock "0:05:17"]

1. d4 Nf6 2. Bg5 c5 3. d5 Qb6 4. Nc3 Qxb2 5. Bd2 Qb6 6. e4 d6 7. f4 Nfd7 8. a4 g6 9. Rb1 Qd8 10. Nf3 Bg7 11. Bc4 O-O 12. O-O Na6 13. Qe2 Nb4 14. Be1 Nb6 15. Bb3 Bg4 16. Nd1 Qd7 17. a5 Nc8 18. Ne3 Bxf3 19. Rxf3 b5 20. Rh3 Na6 21. c4 Rb8 22. Rd1 bxc4 23. Bxc4 Nb4 24. Kh1 Qa4 25. Qf2 Bd4 26. Qh4 h5 27. Be2 Bxe3 28. Rxe3 Nc2 29. Rg3 Nxe1 30. Bxh5 Qxe4 31. h3 Rb2 0-1

[Event "CCT Chessable Masters Play-In 2025"]
[Site "Online"]
[Date "2025.02.17"]
[Round "2.35"]
[White "Sokolovsky, Yahli"]
[Black "Lazavik, Denis"]
[Result "0-1"]
[ECO "D30"]
[WhiteElo "2552"]
[BlackElo "2572"]
[PlyCount "88"]
[EventDate "2025.02.13"]
[EventType "swiss"]
[EventCountry "NET"]
[TimeControl "600"]
[WhiteClock "0:00:24"]
[BlackClock "0:03:39"]

1. d4 Nf6 2. Nf3 d5 3. c4 e6 4. cxd5 exd5 5. Bg5 c6 6. e3 h6 7. Bh4 Bf5 8. Qb3 Nbd7 9. Nbd2 Qb6 10. Be2 Be7 11. O-O O-O 12. Ne5 Rfe8 13. f4 Qxb3 14. Nxb3 Ne4 15. Bxe7 Rxe7 16. g4 Bh7 17. Rae1 Nxe5 18. dxe5 f6 19. exf6 Nxf6 20. Bf3 Bd3 21. Rf2 Rae8 22. Rd2 Bc4 23. Kf2 Bxb3 24. axb3 g5 25. Rde2 Kg7 26. h4 Ne4+ 27. Bxe4 Rxe4 28. Kf3 Rb4 29. Ra1 a6 30. Ra4 Rxb3 31. fxg5 hxg5 32. hxg5 Kg6 33. Kf4 Rf8+ 34. Ke5 Kxg5 35. Kd6 Rf6+ 36. Ke7 Rf3 37. e4 Rbe3 38. Rxe3 Rxe3 39. Kd6 Rxe4 40. b4 Kxg4 41. Kc7 Re7+ 42. Kd6 Rf7 43. b5+ Rf4 44. bxc6 Rxa4 0-1

[Event "CCT Chessable Masters Play-In 2025"]
[Site "Online"]
[Date "2025.02.17"]
[Round "2.36"]
[White "Keymer, Vincent"]
[Black "Rakhmanov, Aleksandr"]
[Result "0-1"]
[ECO "A15"]
[WhiteElo "2731"]
[BlackElo "2585"]
[PlyCount "192"]
[EventDate "2025.02.13"]
[EventType "swiss"]
[EventCountry "NET"]
[TimeControl "600"]
[WhiteClock "0:00:16"]
[BlackClock "0:00:12"]

1. Nf3 Nf6 2. b3 d6 3. Bb2 e5 4. c4 g6 5. g3 Bg7 6. Bg2 O-O 7. O-O Nc6 8. Nc3 Nd4 9. Ne1 c6 10. e3 Nf5 11. Rc1 h5 12. Nf3 Qe7 13. Ba3 Re8 14. d3 Qd8 15. h3 a6 16. Bb2 Bh6 17. Ne4 Bg7 18. Qc2 Qc7 19. Rfd1 c5 20. Nfg5 Nxe4 21. dxe4 Nh6 22. Rd2 f6 23. Nf3 b5 24. Rcd1 Nf7 25. Nh4 Kh7 26. f4 bxc4 27. bxc4 Rb8 28. Bc3 Bd7 29. Rf1 Qc6 30. Qd1 Qa4 31. f5 g5 32. Qxh5+ Kg8 33. Ng6 Qxc4 34. Rc1 Bc6 35. Qg4 Rb7 36. Kh2 Reb8 37. h4 Bh6 38. Qd1 Qa4 39. Rxd6 Qxd1 40. Rcxd1 Ba4 41. R1d2 Nxd6 42. Rxd6 Rb6 43. Rd5 gxh4 44. Rxc5 Bxe3 45. Ra5 hxg3+ 46. Kxg3 Bc6 47. Kf3 Bg5 48. Bf1 Bb5 49. Bxb5 axb5 50. Ne7+ Kf7 51. Nd5 R6b7 52. Bb4 Rh8 53. Ra6 Rh3+ 54. Kg2 Rd3 55. Ra8 Rd7 56. a3 Kg7 57. Rb8 Rd4 58. Kf3 R7xd5 59. exd5 e4+ 60. Kg4 e3+ 61. Kf3 Rxd5 62. Kg4 Rd4+ 63. Kf3 Rf4+ 64. Kg3 Rxf5 65. Re8 Kf7 66. Re7+ Kg6 67. Re8 Rf1 68. Rg8+ Kf7 69. Rf8+ Ke6 70. Kg4 Rf4+ 71. Kg3 Re4 72. Kf3 Kf5 73. Rb8 Re5 74. Ke2 Ke4 75. Rb7 f5 76. Bc3 Rc5 77. Bb4 Rd5 78. Rb8 f4 79. Re8+ Re5 80. Rf8 Be7 81. Rf7 Bxb4 82. axb4 Rh5 83. Re7+ Kd4 84. Rd7+ Kc4 85. Kf3 Rf5 86. Re7 Kxb4 87. Kg4 Rf8 88. Re4+ Kb3 89. Kf3 b4 90. Re7 Ka3 91. Ra7+ Kb2 92. Rb7 b3 93. Rb6 Re8 94. Ke2 f3+ 95. Ke1 Rc8 96. Kd1 Rc1# 0-1

[Event "CCT Chessable Masters Play-In 2025"]
[Site "Online"]
[Date "2025.02.17"]
[Round "2.37"]
[White "Yu, Yangyi"]
[Black "Donchenko, Alexander"]
[Result "1-0"]
[ECO "B12"]
[WhiteElo "2715"]
[BlackElo "2632"]
[PlyCount "101"]
[EventDate "2025.02.13"]
[EventType "swiss"]
[EventCountry "NET"]
[TimeControl "600"]
[WhiteClock "0:02:32"]
[BlackClock "0:02:00"]

1. e4 c6 2. d4 d5 3. e5 c5 4. Nf3 cxd4 5. Nxd4 Nc6 6. Nxc6 bxc6 7. Bd3 e6 8. Nd2 a5 9. Qe2 Ne7 10. Nf3 Qb6 11. Be3 Qc7 12. O-O Nf5 13. Bf4 Be7 14. Rfe1 O-O 15. g4 Nh6 16. h3 Qb6 17. Qd2 Ba6 18. Bxh6 gxh6 19. Qxh6 Bxd3 20. cxd3 Rfb8 21. Re2 Qd8 22. Rc1 Ra6 23. d4 a4 24. Kg2 Rab6 25. Rcc2 Qf8 26. Qc1 Rc8 27. Re3 Kh8 28. Rec3 Qe8 29. Qh6 Qf8 30. Qc1 Qe8 31. Qf4 Qf8 32. Ng5 Kg8 33. Rf3 Bxg5 34. Qxg5+ Kh8 35. b3 axb3 36. axb3 Rcb8 37. Rcc3 R8b7 38. Rf4 Qg7 39. Qd8+ Qg8 40. Qd6 Qe8 41. Rff3 Kg7 42. Qa3 Qf8 43. Qc1 Qd8 44. Rxc6 Rxb3 45. Rf6 Rb1 46. Qh6+ Kh8 47. Rcxe6 Rd1 48. Rd6 Qg8 49. Rf4 Rb8 50. e6 fxe6 51. Qf6+ 1-0

[Event "CCT Chessable Masters Play-In 2025"]
[Site "Online"]
[Date "2025.02.17"]
[Round "2.38"]
[White "Nesterov, Arseniy"]
[Black "Ding, Liren"]
[Result "1/2-1/2"]
[ECO "D38"]
[WhiteElo "2591"]
[BlackElo "2734"]
[PlyCount "92"]
[EventDate "2025.02.13"]
[EventType "swiss"]
[EventCountry "NET"]
[TimeControl "600"]
[WhiteClock "0:00:08"]
[BlackClock "0:00:19"]

1. d4 Nf6 2. c4 e6 3. Nf3 d5 4. Nc3 Bb4 5. Bg5 h6 6. Bxf6 Qxf6 7. e3 O-O 8. Rc1 dxc4 9. Bxc4 c5 10. O-O cxd4 11. Ne4 Qe7 12. a3 Ba5 13. exd4 Rd8 14. Ba2 Bd7 15. Qc2 Bc6 16. b4 Bb6 17. Rfe1 Bxd4 18. Bb1 g6 19. Nxd4 Rxd4 20. Qc3 e5 21. Qe3 Nd7 22. Qxh6 Bxe4 23. Bxe4 Nf6 24. Bb1 Ng4 25. Qh3 Kg7 26. Qg3 Re8 27. h3 Nf6 28. Re2 Nh5 29. Qf3 Nf4 30. Re4 Rxe4 31. Bxe4 Rd8 32. Rd1 Rxd1+ 33. Qxd1 f5 34. Bf3 e4 35. Be2 Qg5 36. Bf1 Nxh3+ 37. Kh2 Nf4 38. Qd4+ Kf7 39. Bc4+ Kf8 40. Qh8+ Ke7 41. Qe5+ Kf8 42. Qb8+ Ke7 43. Qc7+ Ke8 44. Qe5+ Kf8 45. Qh8+ Ke7 46. Qe5+ Kf8 1/2-1/2

[Event "CCT Chessable Masters Play-In 2025"]
[Site "Online"]
[Date "2025.02.17"]
[Round "2.39"]
[White "Grischuk, Alexander"]
[Black "Lagarde, Maxime"]
[Result "1-0"]
[ECO "C01"]
[WhiteElo "2687"]
[BlackElo "2604"]
[PlyCount "105"]
[EventDate "2025.02.13"]
[EventType "swiss"]
[EventCountry "NET"]
[TimeControl "600"]
[WhiteClock "0:00:37"]
[BlackClock "0:00:18"]

1. e4 e6 2. d4 d5 3. Nc3 Bb4 4. exd5 exd5 5. Bd3 Nf6 6. Nf3 O-O 7. O-O h6 8. Ne2 Re8 9. Ng3 Bf8 10. Bf4 c5 11. dxc5 Nc6 12. a3 a5 13. h3 Bxc5 14. c3 Bb6 15. Re1 Be6 16. Qd2 Ne4 17. Nxe4 dxe4 18. Bxe4 Qf6 19. Bg3 Rad8 20. Qc2 Rd7 21. Rad1 Red8 22. Rxd7 Rxd7 23. Qa4 Qd8 24. Bc2 Bd5 25. Qg4 Ne7 26. Bh4 Kf8 27. Ba4 Be6 28. Rxe6 fxe6 29. Bxd7 Qxd7 30. Bxe7+ Qxe7 31. Ne5 Kg8 32. Qe2 a4 33. Nc4 Bc7 34. Nd2 Qd6 35. g3 Qd5 36. Ne4 b5 37. Kg2 Bd6 38. h4 Be7 39. f3 Kf7 40. Qd2 Ke8 41. Qe2 Kd7 42. Nf2 Kc6 43. Nd3 Bd6 44. Qe4 h5 45. Kf2 Qxe4 46. fxe4 Bc7 47. Kf3 Bd6 48. g4 g6 49. Nf4 Kc5 50. Nxg6 Kc4 51. gxh5 Kb3 52. h6 Kxb2 53. h7 1-0

[Event "CCT Chessable Masters Play-In 2025"]
[Site "Online"]
[Date "2025.02.17"]
[Round "2.40"]
[White "Nasuta, Grzegorz"]
[Black "Sevian, Samuel"]
[Result "0-1"]
[ECO "C50"]
[WhiteElo "2506"]
[BlackElo "2692"]
[PlyCount "170"]
[EventDate "2025.02.13"]
[EventType "swiss"]
[EventCountry "NET"]
[TimeControl "600"]
[BlackClock "0:00:06"]

1. e4 e5 2. Nf3 Nc6 3. Bc4 Bc5 4. d3 Nf6 5. Nc3 d6 6. Na4 Bb6 7. a3 Ne7 8. Nxb6 axb6 9. h3 Ng6 10. O-O O-O 11. Re1 Re8 12. d4 Qe7 13. b3 Be6 14. Bf1 h6 15. a4 c5 16. dxe5 dxe5 17. Nd2 Rad8 18. Qf3 Nh7 19. Nc4 Qc7 20. Qg3 Nf6 21. Qf3 Nh4 22. Qg3 Ng6 23. Bb2 Bd7 24. Rad1 Re6 25. f3 b5 26. axb5 Bxb5 27. Rxd8+ Qxd8 28. Nxe5 Bxf1 29. Nxg6 Nh5 30. Qh4 Qd2 31. Rxf1 Rxg6 32. Qf2 Qg5 33. g4 Nf4 34. Kh2 Rd6 35. Bc1 Qe5 36. Qg3 g5 37. Kh1 b5 38. Be3 c4 39. bxc4 bxc4 40. Rb1 c3 41. h4 Kg7 42. h5 Qf6 43. Kh2 Ra6 44. Rd1 Ra4 45. Kh1 Ne6 46. Rd5 Ra1+ 47. Kh2 Ra2 48. Qf2 Qe7 49. Bd4+ Kh7 50. Bxc3 Qc7+ 51. Be5 Qc6 52. Rd2 Ra5 53. Bg3 Rc5 54. Kh3 Rc3 55. Qe2 Qc5 56. Kh2 Nd4 57. Bf2 Qe5+ 58. Bg3 Qf6 59. Qf2 Nxf3+ 60. Kg2 Qe6 61. Rd3 Nh4+ 62. Bxh4 Qxg4+ 63. Bg3 Rc7 64. Qf5+ Qxf5 65. exf5 Rxc2+ 66. Kh3 Rc5 67. Kg4 Rc4+ 68. Kh3 Rc5 69. Kg4 Kg7 70. Bf2 Rc4+ 71. Bd4+ f6 72. Kf3 Kf7 73. Ke4 Rc7 74. Rb3 Re7+ 75. Kf3 Rd7 76. Rb4 Rd5 77. Ke4 Ra5 78. Rb6 Kf8 79. Rxf6+ Ke7 80. Re6+ Kd7 81. Rxh6 Ra2 82. Rh7+ Kc6 83. Ke5 Kb5 84. f6 Re2+ 85. Kf5 g4 0-1

[Event "CCT Chessable Masters Play-In 2025"]
[Site "Online"]
[Date "2025.02.17"]
[Round "2.41"]
[White "Tari, Aryan"]
[Black "Dubov, Daniil"]
[Result "1/2-1/2"]
[ECO "B52"]
[WhiteElo "2621"]
[BlackElo "2701"]
[PlyCount "165"]
[EventDate "2025.02.13"]
[EventType "swiss"]
[EventCountry "NET"]
[TimeControl "600"]
[WhiteClock "0:00:30"]
[BlackClock "0:01:11"]

1. e4 c5 2. Nf3 d6 3. Bb5+ Bd7 4. Bxd7+ Qxd7 5. d4 cxd4 6. Qxd4 Nc6 7. Qd3 Rc8 8. c4 Nf6 9. Nc3 Ne5 10. Nxe5 dxe5 11. Qxd7+ Nxd7 12. b3 e6 13. Ke2 Bc5 14. Be3 Bxe3 15. Kxe3 Ke7 16. Rhd1 Nb8 17. Rd2 Rhd8 18. Rxd8 Rxd8 19. Rd1 Rc8 20. h4 h5 21. f3 Nc6 22. Ne2 g6 23. Rd2 Rg8 24. Nc1 g5 25. hxg5 Rxg5 26. Nd3 h4 27. Kf2 b6 28. b4 f6 29. a4 Rh5 30. Rd1 Rh8 31. b5 Nd4 32. f4 Kd6 33. fxe5+ fxe5 34. Nb4 h3 35. gxh3 Rxh3 36. Nc6 Rf3+ 37. Kg2 Ra3 38. Nxd4 exd4 39. Rxd4+ Ke5 40. Rd7 Rxa4 41. Rc7 Kxe4 42. c5 Ra5 43. c6 Ke5 44. Rb7 Rxb5 45. c7 Rc5 46. Rxa7 Ke4 47. Rb7 e5 48. Kf2 Rc2+ 49. Ke1 Ke3 50. Kd1 Rc6 51. Rxb6 Rxc7 52. Rb3+ Kf2 53. Rb2+ Kf3 54. Rb3+ Kf2 55. Rb2+ Ke3 56. Rb3+ Kf4 57. Ke2 Rc2+ 58. Ke1 Ra2 59. Rc3 e4 60. Rb3 Ke5 61. Rc3 Kd4 62. Rh3 Rg2 63. Ra3 Ke5 64. Rb3 Kf4 65. Ra3 Rh2 66. Rb3 Ra2 67. Rc3 Rb2 68. Ra3 Rb1+ 69. Ke2 Rb8 70. Rc3 Rb4 71. Ra3 e3 72. Ra8 Rb2+ 73. Ke1 Rb1+ 74. Ke2 Rb2+ 75. Ke1 Rb1+ 76. Ke2 Rb3 77. Rf8+ Ke4 78. Re8+ Kf4 79. Rf8+ Ke4 80. Re8+ Kd4 81. Rd8+ Ke5 82. Re8+ Kf4 83. Rf8+ 1/2-1/2

[Event "CCT Chessable Masters Play-In 2025"]
[Site "Online"]
[Date "2025.02.17"]
[Round "2.42"]
[White "Yakubboev, Nodirbek"]
[Black "Bachmann, Axel"]
[Result "1-0"]
[ECO "E93"]
[WhiteElo "2659"]
[BlackElo "2570"]
[PlyCount "71"]
[EventDate "2025.02.13"]
[EventType "swiss"]
[EventCountry "NET"]
[TimeControl "600"]
[WhiteClock "0:03:24"]
[BlackClock "0:02:44"]

1. d4 Nf6 2. c4 g6 3. Nc3 Bg7 4. e4 d6 5. Be2 O-O 6. Be3 Nbd7 7. h3 e5 8. d5 Nc5 9. Qc2 a5 10. Nf3 Nh5 11. g3 f5 12. Bxc5 dxc5 13. O-O-O a4 14. a3 Qd6 15. Bd3 Bd7 16. Kb1 Nf6 17. Ng5 h6 18. Ne6 Bxe6 19. dxe6 Qxe6 20. exf5 gxf5 21. Bxf5 Qxc4 22. Rhe1 Rfe8 23. Bg6 Re7 24. f4 c6 25. Rxe5 Rxe5 26. fxe5 Nd5 27. Nxd5 cxd5 28. Qxc4 dxc4 29. e6 Bf6 30. Rd7 Ra6 31. Rxb7 Rd6 32. Bh5 Rd5 33. Be2 Rd4 34. e7 Re4 35. Rb8+ Kf7 36. Bh5+ 1-0

[Event "CCT Chessable Masters Play-In 2025"]
[Site "Online"]
[Date "2025.02.17"]
[Round "2.43"]
[White "Eljanov, Pavel"]
[Black "Bartel, Mateusz"]
[Result "1/2-1/2"]
[ECO "D02"]
[WhiteElo "2658"]
[BlackElo "2629"]
[PlyCount "95"]
[EventDate "2025.02.13"]
[EventType "swiss"]
[EventCountry "NET"]
[TimeControl "600"]
[WhiteClock "0:00:50"]
[BlackClock "0:00:28"]

1. d4 d5 2. Nf3 Nf6 3. Bf4 c5 4. e3 Nc6 5. Nbd2 Nh5 6. Be5 f6 7. c4 e6 8. Bg3 Nxg3 9. hxg3 cxd4 10. Nxd4 Nxd4 11. exd4 Kf7 12. Be2 Bd7 13. Qb3 Bc6 14. Bf3 Qa5 15. O-O-O Ba4 16. Qxb7+ Be7 17. cxd5 Rhc8+ 18. Kb1 Rab8 19. dxe6+ Kf8 20. Nc4 Qf5+ 21. Qe4 Qxe4+ 22. Bxe4 Bxd1 23. Ne3 Ba4 24. Rxh7 Kg8 25. Rh1 Be8 26. Bh7+ Kf8 27. Bc2 g6 28. Nd5 Rd8 29. Nf4 Kg7 30. d5 Bd6 31. Bb3 Bxf4 32. gxf4 Rb7 33. Rd1 Rd6 34. g4 f5 35. gxf5 gxf5 36. Kc2 Kf6 37. Kc3 a5 38. Rh1 a4 39. Bc4 Rc7 40. Kd4 Rb6 41. Rh8 Rc8 42. b3 axb3 43. axb3 Kg7 44. Rh1 Kf6 45. Rh6+ Kg7 46. Rh1 Kf6 47. Rh6+ Kg7 48. Rh1 1/2-1/2

[Event "CCT Chessable Masters Play-In 2025"]
[Site "Online"]
[Date "2025.02.17"]
[Round "2.44"]
[White "Guliyev, Namig"]
[Black "Harikrishna, Pentala"]
[Result "1/2-1/2"]
[ECO "C11"]
[WhiteElo "2486"]
[BlackElo "2695"]
[PlyCount "123"]
[EventDate "2025.02.13"]
[EventType "swiss"]
[EventCountry "NET"]
[TimeControl "600"]
[WhiteClock "0:00:30"]
[BlackClock "0:02:53"]

1. e4 e6 2. d4 d5 3. Nc3 Nf6 4. e5 Nfd7 5. f4 c5 6. Nf3 Nc6 7. Be3 a6 8. Qd2 b5 9. dxc5 Bxc5 10. Ne2 Bxe3 11. Qxe3 Qb6 12. Qxb6 Nxb6 13. Ned4 Bd7 14. Bd3 O-O 15. Nxc6 Bxc6 16. Nd4 Bd7 17. O-O Na4 18. b3 Nc5 19. g3 b4 20. a3 a5 21. axb4 axb4 22. Kf2 Rfc8 23. Ke3 f6 24. h4 Be8 25. Rfc1 Bg6 26. Rxa8 Rxa8 27. Bxg6 hxg6 28. c3 bxc3 29. Rxc3 Ne4 30. Rc7 Nxg3 31. Nxe6 Nf5+ 32. Kd3 Re8 33. Nxg7 Nxg7 34. exf6 Re4 35. Rxg7+ Kf8 36. Rxg6 Rxf4 37. h5 Kf7 38. Rg5 Ke6 39. Kc3 Rf3+ 40. Kc2 d4 41. b4 Rc3+ 42. Kd2 Kxf6 43. Rc5 Rb3 44. b5 d3 45. h6 Kg6 46. Rc6+ Kh7 47. b6 Kh8 48. Rd6 Kh7 49. Ke3 Kh8 50. Kd4 d2 51. Kc5 Rb2 52. Kc6 Rc2+ 53. Kd7 Rb2 54. Kc7 Rc2+ 55. Kb8 Kh7 56. b7 Rb2 57. Kc7 Rc2+ 58. Kd7 Rb2 59. Kc8 Rc2+ 60. Kb8 Rb2 61. Kc7 Rc2+ 62. Kb8 1/2-1/2

[Event "CCT Chessable Masters Play-In 2025"]
[Site "Online"]
[Date "2025.02.17"]
[Round "2.45"]
[White "Kuzubov, Yuriy"]
[Black "Gharibyan, Mamikon"]
[Result "1-0"]
[ECO "D36"]
[WhiteElo "2597"]
[BlackElo "2473"]
[PlyCount "123"]
[EventDate "2025.02.13"]
[EventType "swiss"]
[EventCountry "NET"]
[TimeControl "600"]
[WhiteClock "0:00:25"]
[BlackClock "0:00:01"]

1. d4 Nf6 2. Nf3 d5 3. c4 e6 4. Nc3 Nbd7 5. cxd5 exd5 6. Bg5 Be7 7. e3 O-O 8. Bd3 Re8 9. O-O Nf8 10. Qc2 h6 11. Bh4 c6 12. Rae1 Ne4 13. Bxe7 Qxe7 14. Bxe4 dxe4 15. Nd2 f5 16. f3 exf3 17. Nxf3 Be6 18. Ne5 Rad8 19. Ne2 Nd7 20. Ng6 Qg5 21. Ngf4 Bf7 22. Ng3 g6 23. e4 Nf6 24. Nh3 Qh4 25. Rf4 Ng4 26. Qc3 h5 27. Ref1 Qe7 28. exf5 Qe3+ 29. Qxe3 Nxe3 30. fxg6 Bxg6 31. Rc1 Nd5 32. Rf2 h4 33. Ne2 Re4 34. Ng5 Re3 35. Nf3 h3 36. Ne5 Kh7 37. Nf4 Nxf4 38. Rxf4 hxg2 39. Kxg2 Rg8 40. Rh4+ Bh5+ 41. Kh1 Kh6 42. Rf4 Re2 43. Rf6+ Kh7 44. Rd6 Rgg2 45. Rd7+ Kh6 46. Rd6+ Kg5 47. Rg1 Rxg1+ 48. Kxg1 Rxb2 49. a4 Ra2 50. Rd7 Kf4 51. Rxb7 Rxa4 52. Nxc6 Bf3 53. Rf7+ Ke3 54. Re7+ Be4 55. h4 Ra1+ 56. Kh2 Rh1+ 57. Kg3 Rg1+ 58. Kh3 Kf4 59. Rf7+ Bf5+ 60. Kh2 Rc1 61. Nb4 Rc2+ 62. Nxc2 1-0

[Event "CCT Chessable Masters Play-In 2025"]
[Site "Online"]
[Date "2025.02.17"]
[Round "2.46"]
[White "Le, Quang Liem"]
[Black "Perez Ponsa, Federico"]
[Result "1-0"]
[ECO "E94"]
[WhiteElo "2739"]
[BlackElo "2528"]
[PlyCount "75"]
[EventDate "2025.02.13"]
[EventType "swiss"]
[EventCountry "NET"]
[TimeControl "600"]
[WhiteClock "0:02:31"]

1. Nf3 Nf6 2. c4 g6 3. Nc3 Bg7 4. e4 d6 5. d4 O-O 6. Be2 e5 7. O-O Na6 8. Re1 Bg4 9. d5 Nc5 10. Qc2 a5 11. Be3 Ne8 12. a3 a4 13. Bxc5 dxc5 14. Nxa4 b6 15. b4 Bd7 16. Nb2 Nd6 17. bxc5 bxc5 18. a4 f5 19. Nd2 Bh6 20. Bd3 fxe4 21. Nxe4 Nf5 22. Nxc5 Nd4 23. Qc3 Qh4 24. Nd1 Bf4 25. h3 Bxh3 26. Be4 Bg4 27. g3 Qh5 28. gxf4 Nf3+ 29. Kf1 Qh1+ 30. Ke2 Nxe1+ 31. Kd2 Bf3 32. Nb2 Bxe4 33. Rxe1 Qg2 34. Nxe4 Rxf4 35. Qxe5 Raf8 36. Nd3 Rf3 37. a5 Qh3 38. Qe6+ 1-0

[Event "CCT Chessable Masters Play-In 2025"]
[Site "Online"]
[Date "2025.02.17"]
[Round "2.47"]
[White "Blohberger, Felix"]
[Black "Paravyan, David"]
[Result "1/2-1/2"]
[ECO "D04"]
[WhiteElo "2532"]
[BlackElo "2621"]
[PlyCount "81"]
[EventDate "2025.02.13"]
[EventType "swiss"]
[EventCountry "NET"]
[TimeControl "600"]
[WhiteClock "0:02:51"]
[BlackClock "0:02:28"]

1. d4 d5 2. Nf3 Nf6 3. e3 a6 4. Be2 Bf5 5. Nh4 Bd7 6. O-O e6 7. Nf3 Bb5 8. b3 Bxe2 9. Qxe2 Bd6 10. c4 c6 11. Nbd2 O-O 12. e4 dxe4 13. Nxe4 Nxe4 14. Qxe4 Nd7 15. Bg5 Be7 16. Bf4 a5 17. Rad1 a4 18. Qc2 Qa5 19. Rfe1 Rfe8 20. h3 h6 21. Re2 Bf8 22. Bd2 axb3 23. axb3 Qa2 24. Qd3 Qa6 25. Bf4 b5 26. Rc2 bxc4 27. bxc4 c5 28. Ne5 Rad8 29. Nxd7 Rxd7 30. d5 exd5 31. cxd5 Re1+ 32. Kh2 Qxd3 33. Rxd3 Re4 34. Be3 c4 35. Rd4 Rxd4 36. Bxd4 Rxd5 37. Rxc4 Bd6+ 38. g3 Be7 39. Kg2 Rd7 40. h4 h5 41. Be3 1/2-1/2

[Event "CCT Chessable Masters Play-In 2025"]
[Site "Online"]
[Date "2025.02.17"]
[Round "2.48"]
[White "Pranav, V."]
[Black "Gokerkan, Cem Kaan"]
[Result "0-1"]
[ECO "D00"]
[WhiteElo "2615"]
[BlackElo "2473"]
[PlyCount "114"]
[EventDate "2025.02.13"]
[EventType "swiss"]
[EventCountry "NET"]
[TimeControl "600"]
[BlackClock "0:00:01"]

1. d4 Nf6 2. Bg5 d5 3. Bxf6 exf6 4. e3 Bd6 5. Nf3 c6 6. c4 dxc4 7. Bxc4 f5 8. Qc2 g6 9. Nc3 Nd7 10. h4 Nf6 11. O-O-O b5 12. Bb3 a5 13. Ne5 O-O 14. a4 Qc7 15. axb5 Bxe5 16. dxe5 Qxe5 17. bxc6 Be6 18. Ba4 Rab8 19. Rd4 Rb4 20. Rhd1 Kg7 21. Ne2 Rfb8 22. Rxb4 Rxb4 23. Rd4 Rb8 24. Nf4 Ne4 25. Nxe6+ fxe6 26. Kb1 Kh6 27. f3 Nf6 28. Qd2 Kg7 29. f4 Qc5 30. Qc2 Qb6 31. Qc3 Kh6 32. Rc4 Nd5 33. Qd4 Qc7 34. e4 Nb6 35. Rc1 Nxa4 36. Qxa4 Qxf4 37. c7 Rc8 38. Qd7 Qxe4+ 39. Ka1 Qf4 40. Rc3 Qf1+ 41. Ka2 Qa6 42. Rc6 Qb7 43. Qd6 a4 44. Rb6 Qe4 45. Qd2+ f4 46. Rb4 Qe3 47. Qd6 a3 48. Qe7 axb2 49. Qg5+ Kg7 50. Qe7+ Kg8 51. Rb8 Qa3+ 52. Kb1 Qa1+ 53. Kc2 Qc1+ 54. Kd3 b1=Q+ 55. Kd4 Qd2+ 56. Ke5 Qb5+ 57. Kf6 Qd4+ 0-1

[Event "CCT Chessable Masters Play-In 2025"]
[Site "Online"]
[Date "2025.02.17"]
[Round "2.49"]
[White "Pranav Anand"]
[Black "Ter-Sahakyan, Samvel"]
[Result "0-1"]
[ECO "B30"]
[WhiteElo "2538"]
[BlackElo "2611"]
[PlyCount "148"]
[EventDate "2025.02.13"]
[EventType "swiss"]
[EventCountry "NET"]
[TimeControl "600"]
[WhiteClock "0:00:08"]
[BlackClock "0:00:23"]

1. e4 c5 2. Nf3 Nc6 3. Bb5 Nf6 4. Nc3 g6 5. e5 Nh5 6. O-O Nd4 7. Bc4 Bg7 8. Re1 Nf4 9. d3 Nfe6 10. a4 O-O 11. h3 b6 12. Bd5 Rb8 13. Nxd4 cxd4 14. Nb5 a6 15. Na3 Bb7 16. Qf3 Bxd5 17. Qxd5 Qc7 18. Bd2 Rfc8 19. Rac1 Qc6 20. Qxc6 Rxc6 21. f4 b5 22. axb5 axb5 23. g3 h5 24. Kf2 f6 25. exf6 Bxf6 26. Kf3 Kf7 27. g4 Nc7 28. Re4 Nd5 29. g5 Bg7 30. Be1 Ne3 31. Bb4 e6 32. Re5 d5 33. c3 Bxe5 34. fxe5 Nf5 35. Ke2 Ke8 36. Kd2 Kd7 37. Rf1 dxc3+ 38. bxc3 Ra6 39. d4 Kc6 40. Kd3 Rba8 41. Nc2 Ra2 42. Rb1 R2a4 43. Rf1 R8a7 44. Bc5 Rf7 45. Nb4+ Kb7 46. Nc2 Ra5 47. Nb4 Kc8 48. Bb6 Ra4 49. Bc5 Kd7 50. Bb6 Ke8 51. Bc5 Ng3 52. Rf6 Rxf6 53. gxf6 Nf5 54. Nc6 Nh6 55. h4 Nf7 56. Ne7 g5 57. hxg5 Nxg5 58. Ng6 Ra1 59. Ke3 Rf1 60. Nh4 Kf7 61. Bb4 Rh1 62. Ng2 Rh3+ 63. Ke2 Rf3 64. Nh4 Rf4 65. Ng2 Re4+ 66. Kf2 h4 67. Ne3 h3 68. Nf1 Rg4 69. Ba3 Ne4+ 70. Kf3 Rg1 71. Nh2 Rg2 72. Ng4 Rg3+ 73. Kf4 Rxg4+ 74. Kxg4 h2 0-1